 Dungeon Crawl Stone Soup version 0.30-a0-393-g54b8e3be05 (webtiles) character file.

Game seed: 11780169232704077589

2201 Sabo the Digger (level 9, -7/53 HPs)
             Began as an Octopode Earth Elementalist on Dec 3, 2022.
             Was a Follower of Vehumet.
             Mangled by Grum
             ... wielding a +1 glaive
              (22 damage)
             ... on level 8 of the Dungeon on Dec 5, 2022.
             The game lasted 00:54:03 (6804 turns).

Sabo the Digger (Octopode Earth Elementalist)       Turns: 6804, Time: 00:54:03

Health: -7/53      AC:  1    Str:  8    XL:     9   Next: 34%
Magic:  2/19       EV: 13    Int: 21    God:    Vehumet [*.....]
Gold:   313        SH:  0    Dex: 12    Spells: 15/21 levels left

rFire   . . .      SeeInvis .    p - +3 spear (freeze)
rCold   + . .      Faith    .    s - orb {*channel}
rNeg    + . .      Spirit   .    (helmet restricted)
rPois   +          Reflect  .    x - amulet of magic regeneration
rElec   .          Harm     .    k - ring of poison resistance
rCorr   .          Rampage  .    l - ring of flight
Will    .....                    m - ring of wizardry
Stlth   +++.......               A - ring "Kuihuuv" {rC+ rN+}
HPRegen 0.28/turn                (no ring)
MPRegen 0.56/turn                (no ring)
                                 (no ring)
                                 (no ring)

@: flying
A: almost no armour, amphibious, 8 rings, camouflage 1, gelatinous body 1,
(nimble swimmer 1), tentacles
a: Renounce Religion


You were on level 8 of the Dungeon.
You worshipped Vehumet.
Vehumet was aware of your devotion.
You visited 2 branches of the dungeon, and saw 9 of its levels.

You collected 313 gold pieces.

Inventory:

Hand Weapons
 o - a +0 flail of protection
 p - a +3 spear of freezing (weapon)
 q - a +3 falchion of freezing
 w - a +0 sling
 y - a +0 mace of holy wrath
Missiles
 h - 6 poisoned darts (quivered)
Armour
 s - an orb of energy (worn)
Jewellery
 k - a ring of poison resistance (left tentacle)
 l - a ring of flight (right tentacle)
 m - a ring of wizardry (on tentacle)
 x - an amulet of magic regeneration (around mantle)
 A - the ring "Kuihuuv" (on tentacle) {rC+ rN+}
   (You found it on level 6 of the Dungeon)

   [ring of positive energy]

   rC:        It protects you from cold.
   rN:        It protects you from negative energy.
Wands
 u - a wand of polymorph (10)
 v - a wand of digging (13)
Scrolls
 c - a scroll of magic mapping {unknown}
 e - 3 scrolls of blinking
 f - 4 scrolls of fear
 g - 4 scrolls of teleportation
 t - a scroll of poison
 B - a scroll of fog
 C - a scroll of brand weapon {unknown}
Potions
 a - a potion of magic
 b - a potion of invisibility
 d - 2 potions of heal wounds
 i - 3 potions of curing
 j - 2 potions of flight {unknown}
 n - 2 potions of might
 r - a potion of mutation {unknown}
 z - a potion of attraction {unknown}


   Skills:
 + Level 1.1 Fighting
 + Level 1.8 Maces & Flails
 + Level 0.3 Polearms
 + Level 3.7 Throwing
 + Level 3.1 Dodging
 + Level 4.0 Stealth
 + Level 6.8 Spellcasting
 + Level 4.1 Conjurations
 + Level 1.0 Transmutations
 + Level 7.1 Earth Magic


You had 15 spell levels left.
You knew the following spells:

 Your Spells              Type           Power      Damage    Failure   Level
a - Sandblast             Erth           74%        2d16      1%          1
b - Stone Arrow           Conj/Erth      60%        3d10      1%          3
c - Momentum Strike       Conj/Tloc      30%        3d8       2%          2

Your spell library contained the following spells:

 Spells                   Type           Power      Damage    Failure   Level
 Magic Dart               Conj           96%        1d7       1%          1
 Passwall                 Tmut/Erth      20%        N/A       1%          2
 Blink                    Tloc           14%        N/A       6%          2
 Petrify                  Tmut/Erth      24%        N/A       7%          4
 Lesser Beckoning         Tloc           14%        N/A       11%         3
 Tukima's Dance           Hex            7%         N/A       11%         3
 Cause Fear               Hex            3%         N/A       32%         4
 Passage of Golubria      Tloc           7%         N/A       32%         4
 Yara's Violent Unravell  Hex/Tmut       4%         3d4       58%         5
 Dragon Form              Tmut           5%         N/A       100%        7
 Dragon's Call            Summ           3%         N/A       100%        9


Dungeon Overview and Level Annotations

Branches:
Dungeon (8/15)             Temple (1/1) D:5
   Lair: D:8-11

Altars:
Ashenzari
Cheibriados
Dithmenos
Elyvilon
Fedhas
Gozag
Hepliaklqana
Kikubaaqudgha
Makhleb
Qazlal
Ru
Sif Muna
Trog
Vehumet
Wu Jian
Xom
Yredelemnul
The Shining One

Shops:
D:2 !   D:3 [

Annotations:
D:8 Grum


Innate Abilities, Weirdness & Mutations

You cannot wear most types of armour.
You are amphibious.
You can wear up to eight rings at the same time.
Your skin changes colour to match your surroundings (Stealth+).
Your rubbery body absorbs attacks. (AC +1, EV +1)
((You are camouflaged when in or above water. (Stealth+)))
You have tentacles for arms and can constrict up to eight enemies at once.


Message History

Confirm with . or Enter, or press ? or * to list all spells.
Aiming: Stone Arrow (safe; 1% risk of failure)
Press: ? - help, Shift-Dir - straight line, f - Grum
Aim: Grum, wielding a +1 glaive, wearing a +0 animal skin and carrying a wand of roots (10) (77% to hit)
The stone arrow misses Grum.
An ice beast comes into view.
Grum closely misses you.
Unknown command.
Casting: Stone Arrow (safe; 1% risk of failure)
Confirm with . or Enter, or press ? or * to list all spells.
Aiming: Stone Arrow (safe; 1% risk of failure)
Press: ? - help, Shift-Dir - straight line, f/p - Grum
Aim: Grum, wielding a +1 glaive, wearing a +0 animal skin and carrying a wand of roots (10) (77% to hit)
The stone arrow hits Grum!
Grum is moderately wounded.
Grum zaps a wand.
The roots erupt in riotous growth!
The grasping roots grab you! The grasping roots constrict you!
Casting: Stone Arrow (safe; 1% risk of failure)
Confirm with . or Enter, or press ? or * to list all spells.
Aiming: Stone Arrow (safe; 1% risk of failure)
Press: ? - help, Shift-Dir - straight line, f/p - Grum
Aim: Grum, wielding a +1 glaive, wearing a +0 animal skin and carrying a wand of roots (9) (moderately wounded, 77% to hit)
The stone arrow hits Grum!
Grum is heavily wounded.
Grum barely misses you. The grasping roots constrict you.
Casting: Stone Arrow (safe; 1% risk of failure)
Confirm with . or Enter, or press ? or * to list all spells.
Aiming: Stone Arrow (safe; 1% risk of failure)
Press: ? - help, Shift-Dir - straight line, f/p - Grum
Aim: Grum, wielding a +1 glaive, wearing a +0 animal skin and carrying a wand of roots (9) (heavily wounded, 77% to hit)
The stone arrow hits Grum!
Grum is almost dead.
Grum hits you from afar with a +1 glaive!
The grasping roots constrict you.
The roots grasp on you weakens, but your attempt to escape fails.
Grum closely misses you. The grasping roots constrict you.
* * * LOW HITPOINT WARNING * * *
You escape the roots grasp.
Grum hits you with a +1 glaive!!
You die...

###...##
##..###.#....#
#......<.....#
##.....####..#
#...## #..##
...... #...####
...
...####..#..#.#
..
...............
.
......#@.#.##..
.....#Yg####
.....#.=# ...#
##.. ..# #...
.. ....# .#...
. .... .. .....


You could see Grum and an ice beast.

Vanquished Creatures
  A hornet (D:5)
  2 ice beasts
  A black bear (D:6)
  2 ogres
  2 wolves (D:8)
  2 phantoms
  A kobold brigand (D:6)
  2 necrophages (D:6)
  A bullfrog (D:7)
  4 scorpions
  4 wights (D:6)
  6 jellies
  2 hounds (D:6)
  An orc priest (D:4)
  3 iguanas
  An orc wizard (D:5)
  4 gnolls (D:5)
  7 adders
  A shadow imp (D:6)
  2 worms (D:3)
  A dart slug (D:1)
  9 orcs
  7 ball pythons
  An endoplasm (D:2)
  3 giant cockroaches
  6 goblins
  5 hobgoblins
  6 jackals (D:1)
  5 quokkas
  2 bats (D:1)
  3 frilled lizards
  9 kobolds
  4 rats
110 creatures vanquished.

Notes
Turn   | Place    | Note
-------+----------+-------------------------------------------
     0 | D:1      | Sabo the Octopode Earth Elementalist began the quest for
                  | the Orb.
     0 | D:1      | Reached XP level 1. HP: 11/11 MP: 3/3
   299 | D:1      | Reached XP level 2. HP: 17/17 MP: 3/5
   586 | D:1      | Reached XP level 3. HP: 21/21 MP: 3/6
   926 | D:2      | Found Yroul's Distillery.
  1110 | D:2      | Reached skill level 4 in Earth Magic
  1243 | D:2      | Identified the +2 robe "Foump" {rN+ Regen+}
  1428 | D:2      | Reached XP level 4. HP: 27/27 MP: 4/7
  1650 | D:2      | Learned a level 3 spell: Stone Arrow
  1974 | D:3      | Found Odarr's Antique Armour Shop.
  2453 | D:3      | Upgraded the game from 0.30-a0-389-g8d7d949f56 to
                  | 0.30-a0-390-g80c34de65d
  2656 | D:4      | Found a blossoming altar of Fedhas.
  2777 | D:4      | Found a snail-covered altar of Cheibriados.
  2883 | D:4      | Found a glowing golden altar of the Shining One.
  2922 | D:4      | Reached XP level 5. HP: 16/31 MP: 4/9
  3421 | D:5      | Entered Level 5 of the Dungeon
  3438 | D:5      | Reached skill level 1 in Throwing
  3475 | D:5      | Noticed a hornet
  3476 | D:5      | Reached XP level 6. HP: 36/36 MP: 8/11
  3480 | D:5      | Killed a hornet
  3481 | D:5      | Reached skill level 5 in Earth Magic
  3619 | D:5      | Reached XP level 7. HP: 41/41 MP: 10/13
  3970 | D:5      | Found a staircase to the Ecumenical Temple.
  3990 | Temple   | Entered the Ecumenical Temple
  4085 | Temple   | Became a worshipper of Vehumet
  4133 | D:5      | Reached skill level 6 in Earth Magic
  4157 | D:5      | Learned a level 2 spell: Momentum Strike
  4624 | D:6      | Reached skill level 5 in Spellcasting
  4624 | D:6      | Reached skill level 1 in Conjurations
  4624 | D:6      | Reached XP level 8. HP: 47/47 MP: 6/15
  4665 | D:6      | Reached skill level 1 in Maces & Flails
  4687 | D:6      | Found an opulent altar of Gozag.
  4813 | D:6      | Upgraded the game from 0.30-a0-390-g80c34de65d to
                  | 0.30-a0-393-g54b8e3be05
  5081 | D:6      | Reached skill level 1 in Fighting
  5123 | D:6      | Identified the ring "Kuihuuv" {rC+ rN+}
  5363 | D:6      | Reached * piety under Vehumet
  5363 | D:6      | Offered knowledge of Magic Dart by Vehumet.
  5364 | D:6      | Reached skill level 7 in Earth Magic
  5394 | D:6      | Reached XP level 9. HP: 34/53 MP: 14/18
  6792 | D:8      | Noticed Grum
  6804 | D:8      | Mangled by Grum

Illustrated notes

Levels and vault maps discovered:
D:1:      giann_wishing_wells, layout_rooms
D:2:      layout_rooms, serial_shops, nicolae_shop_crystal
D:3:      layout_basic, serial_shops, nicolae_shop_behind_doors
D:4:      layout_rooms, overflow_temple_1_default, mainiacjoe_overflow_swirl
D:5:      layout_loops_ring, minmay_temple_entry_glass
D:6:      layout_cave_pools, grunt_gozag_breadcrumbs
D:7:      layout_cave_pools, serial_co_window_serial, co_window_cross_1,
          co_window_corner_a, co_window_corner_a, co_window_corner_a,
          co_window_corner_a, co_window_paths_b, co_window_corner_b,
          co_window_corner_b, co_window_unsneaky_path_b,
          co_window_of_opportunity_b, co_window_2corner, co_window_4corner_b,
          glass_columns_a, glass_columns_a, glass_columns_a,
          ebering_dispersal_statue_hall
D:8:      layout_cave_pools, uniq_grum
Temple:   eino_temple_lava

Skill      XL: |  1  2  3  4  5  6  7  8  9 |
---------------+----------------------------+-----
Earth Magic    | 4 5 6 7 |  7.1
Stealth        | 3 4 |  4.0
Spellcasting   | 3 4 5 6 |  6.8
Throwing       | 1 2 3 |  3.7
Conjurations   | 1 3 4 |  4.1
Maces & Flails | 1 |  1.8
Fighting       | 1 |  1.1
Dodging        | 3 |  3.1
Polearms       | |  0.3
Transmutations | |  1.0

Action                   |  1- 3 |  4- 6 |  7- 9 || total
-------------------------+-------+-------+-------++-------
Melee: Unarmed           |     6 |       |       ||     6
       Tentacles         |     4 |       |     8 ||    12
       Constrict         |     3 |     2 |     2 ||     7
       Club              |     6 |       |       ||     6
       Dagger            |     6 |       |       ||     6
       Flail             |       |     6 |    17 ||    23
       Spear             |       |       |     8 ||     8
Throw: Dart              |     6 |    16 |    23 ||    45
 Cast: Sandblast         |    43 |    47 |    14 ||   104
       Stone Arrow       |       |       |    64 ||    64
  Use: Scroll            |     2 |     3 |     6 ||    11
Armor: Skin              |     4 |     1 |     5 ||    10
Dodge: Dodged            |    31 |    12 |    21 ||    64

Table legend: (Time is in decaauts)
 A = Elapsed time spent in this place.
 B = Non-inter-level travel time spent in this place.
 C = Inter-level travel time spent in this place.
 D = Time resting spent in this place.
 E = Time spent auto-exploring this place.
 F = Levels seen in this place.
 G = Mean time per level.
                   A        B        C        D        E       F      G
               +--------+--------+--------+--------+--------+-----+--------+
         Total |   6863 |   6863 |      0 |   1832 |      0 |   9 |  762.6 |
       Dungeon |   6748 |   6748 |      0 |   1832 |      0 |   8 |  843.5 |
        Temple |    115 |    115 |      0 |      0 |      0 |   1 |  115.0 |
               +--------+--------+--------+--------+--------+-----+--------+

Top non-repeatable levels by time:
     D:6: 1186 daAuts
     D:7: 1065 daAuts
     D:5: 1004 daAuts
     D:3: 909 daAuts
     D:4: 880 daAuts
     D:2: 841 daAuts
     D:1: 830 daAuts
  Temple: 115 daAuts
     D:8: 30 daAuts
